 Dungeon Crawl Stone Soup version 0.28.0-1-gb440e238dd (webtiles) character file.

Game seed: 13101855253960498734

93 mcwallace the Skirmisher (level 4, -4/41 HPs)
             Began as a Hill Orc Fighter on Feb 20, 2022.
             Slain by Ijyb (12 damage)
             ... on level 4 of the Dungeon.
             The game lasted 00:01:08 (1228 turns).

mcwallace the Skirmisher (Hill Orc Fighter)         Turns: 1228, Time: 00:01:09

Health: -4/41      AC:  7    Str: 20    XL:     4   Next: 61%
Magic:  4/4        EV:  9    Int:  8    God:
Gold:   121        SH:  4    Dex: 10    Spells: 3/3 levels left

rFire   . . .      SeeInvis .   a - +0 war axe {axe}
rCold   . . .      Faith    .   c - +0 buckler
rNeg    . . .      Spirit   .   b - +0 scale mail
rPois   .          Reflect  .   (no helmet)
rElec   .          Harm     .   (no cloak)
rCorr   .          Rampage  .   (no gloves)
Will    .....                   (no boots)
Stlth   ..........              (no amulet)
HPRegen 0.13/turn               (no ring)
MPRegen 0.09/turn               (no ring)

@: no status effects
A: no striking features
a: no special abilities


You were on level 4 of the Dungeon.
You visited 1 branch of the dungeon, and saw 3 of its levels.

You collected 121 gold pieces.


   Skills:
 + Level 4.4 Fighting
 + Level 3.8 Axes
 + Level 4.0 Armour
 + Level 4.0 Shields


You had 3 spell levels left.
You didn't know any spells.
Your spell library contained the following spells:

 Spells                   Type           Power      Damage    Failure   Level
 Magic Dart               Conj           0%         1d3       85%         1
 Searing Ray              Conj           0%         2d4       94%         2
 Static Discharge         Conj/Air       0%         N/A       94%         2
 Ozocubu's Armour         Ice            0%         N/A       99%         3
 Dispel Undead            Necr           0%         3d6       100%        4
 Fulminant Prism          Conj/Hex       0%         3d6       100%        4
 Sticky Flame             Conj/Fire      0%         2d3       100%        4
 Ozocubu's Refrigeration  Ice            0%         4d5       100%        7

Inventory:

Hand Weapons
 a - a +0 war axe (weapon) {axe}
Missiles
 e - 125 stones (quivered) {throwing}
 j - 3 javelins {throwing}
 k - 22 arrows
Armour
 b - a +0 scale mail (worn)
 c - a +0 buckler (worn)
Magical Staves
 i - a staff of fire {!astaff}
   (You found it on level 1 of the Dungeon)
Scrolls
 g - a scroll of blinking {unknown}
 m - a scroll of identify {unknown}
 n - a scroll of fog {unknown}
Potions
 d - 2 potions of might
 f - 2 potions of degeneration {unknown}
 h - 2 potions of flight {unknown}
 l - a potion of attraction {unknown}

Dungeon Overview and Level Annotations

Branches:
Dungeon (2/15)

Altars:
Xom

Annotations:
D:4 Ijyb

................
......##.....#
......#))#.#..# .#
##.....##.# .# ...
....#.#..### .. ....
...##.##..# .
.$...#####..###).### .
.............#..##.# ...
#.....g@....###..#.#....
#....#####.##.##........
#.. #..#.#....#.... #
#....).........
#....#.#.#.....
#...####.........
#....## #..#......
#..#.. #..[...... ......
..........


You could see Ijyb.


Message History

The gnoll closely misses you.
There are monsters nearby!
You hit the gnoll. The gnoll hits you but does no damage.
There are monsters nearby!
You hit the gnoll. You block the gnoll's attack.
You closely miss the gnoll. The gnoll hits you with a +0 club.
The gnoll closely misses you. The goblin hits you with a +0 dagger.
There are monsters nearby! 😕 HP[-7]
You take 7 damage, and now have 34/41 hp.
You slash the gnoll!
You kill the gnoll!
You miss the goblin. The goblin hits you but does no damage.
Your Armour skill increases to level 4! 😕 HP[+1]
A goblin is nearby!
You barely miss the goblin. The goblin barely misses you.
A goblin is nearby!
You hit the goblin.
You kill the goblin!
Things that are here:
a +0 dagger {short}; a goblin corpse No target in view! 😎 HP[+6]
Your hp is fully restored (41).
You see here a +0 club {mace}.
e - 125 stones {throwing} (gained 10)
You see here a +0 war axe {axe}.
A goblin comes into view. It is wielding a +0 club.
You barely miss the goblin.
The goblin hits you with a +0 club. 😕 HP[-1]
You take 1 damage, and now have 40/41 hp.
A goblin is nearby!
A goblin is nearby!
A goblin is nearby!
You hit the goblin. The goblin hits you but does no damage.
A goblin is nearby!
A goblin is nearby!
You closely miss the goblin. The goblin barely misses you.
The goblin hits you but does no damage.
You slash the goblin!
You kill the goblin!
Things that are here:
a +0 club {mace}; a goblin corpse; 😎 HP[+1]
Your hp is fully restored (41).
No target in view!
You now have 121 gold pieces (gained 17).
Ijyb the Twisted Goblin comes into view.
She is wielding a +9 club and carrying a wand of paralysis (6).
Ijyb is nearby!
Ijyb zaps a wand.
You resist with some effort.
Ijyb zaps a wand.
You suddenly lose the ability to move!
You can move again.
You closely miss Ijyb. Ijyb hits you but does no damage.
Ijyb is nearby!
You hit Ijyb but do no damage. Ijyb hits you with a +9 club.
You block Ijyb's attack. 😕 HP[-6]
You take 6 damage, and now have 35/41 hp.
Ijyb is nearby!
You closely miss Ijyb. Ijyb hits you but does no damage.
Unknown command.
Ijyb is nearby!
You barely miss Ijyb. You block Ijyb's attack. 😕 HP[+1]
You barely miss Ijyb. You block Ijyb's attack.
Ijyb hits you with a +9 club! 😮 HP[-7]
You take 7 damage, and now have 29/41 hp.
Ijyb is nearby!
Unknown command.
You are too injured to fight recklessly!
Ijyb is nearby!
You are too injured to fight recklessly!
You are too injured to fight recklessly!
Ijyb is nearby!
Unknown command.
You are too injured to fight recklessly!
Ijyb is nearby!
You are too injured to fight recklessly!
You are too injured to fight recklessly!
Ijyb is nearby!
You barely miss Ijyb. Ijyb hits you with a +9 club. 😮 HP[-5]
You take 5 damage, and now have 24/41 hp.
You closely miss Ijyb. Ijyb barely misses you.
You closely miss Ijyb. Ijyb hits you with a +9 club!
* * * LOW HITPOINT WARNING * * *
Ijyb hits you but does no damage. 😨 HP[-9]
You take 9 damage, and now have 15/41 hp.
MASSIVE DAMAGE!! (PAUSE)
You slash Ijyb! Ijyb hits you with a +9 club!
* * * LOW HITPOINT WARNING * * *
😱 HP[-7]
You take 7 damage, and now have 8/41 hp.
You slash Ijyb! Ijyb misses you.
You hit Ijyb but do no damage. Ijyb barely misses you.
Ijyb hits you with a +9 club!
You die...

Skill      XL: |  1  2  3  4 |
---------------+-------------+-----
Axes           | 3 |  3.8
Fighting       | 4 |  4.4
Shields        | 4 |  4.0
Armour         | 4 |  4.0

Action                   |  1- 3 |  4- 6 || total
-------------------------+-------+-------++-------
Melee: War axe           |    63 |    38 ||   101
Armor: Scale mail        |    26 |    17 ||    43
Dodge: Dodged            |    30 |    18 ||    48
Block: Buckler           |    15 |     7 ||    22

Levels and vault maps discovered:
D:1:      evilmike_arrival_rings, layout_rooms, dk_noncrumbling_3,
          minmay_misc_feat_enclosed
D:2:      layout_loops_ring, basic_altar, uniq_jessica
D:4:      layout_rooms, regret_index_temple_of_mockery, minmay_between,
          uniq_ijyb

Notes
Turn   | Place    | Note
-------+----------+-------------------------------------------
     0 | D:1      | mcwallace the Hill Orc Fighter began the quest for the Orb.
     0 | D:1      | Reached XP level 1. HP: 19/19 MP: 1/1
     0 | D:1      | magus.rc [v1.9.6]
    86 | D:1      | Reached XP level 2. HP: 23/27 MP: 2/2
   162 | D:1      | Reached skill level 3 in Axes
   406 | D:1      | Reached skill level 4 in Fighting
   426 | D:1      | Reached XP level 3. HP: 21/33 MP: 3/3
   728 | D:2      | You pick up a book of Touch and begin reading...
   728 | D:2      | You add the spells Static Discharge, Sticky Flame and
                  | Dispel Undead to your library.
   750 | D:2      | Noticed Jessica
   755 | D:2      | Killed Jessica
   762 | D:2      | Reached XP level 4. HP: 41/41 MP: 4/4
   844 | D:2      | You pick up a book of Conjurations {@e2} and begin
                  | reading...
   844 | D:2      | You add the spells Magic Dart, Searing Ray and Fulminant
                  | Prism to your library.
  1008 | D:2      | Reached skill level 4 in Shields
  1010 | D:2      | You add the spells Ozocubu's Armour and Ozocubu's
                  | Refrigeration to your library.
  1074 | D:2      | Found a shimmering altar of Xom.
  1131 | D:2      | You fall into a shaft and drop 2 floors!
  1140 | D:4      | Reached skill level 4 in Armour
  1213 | D:4      | Noticed Ijyb
  1216 | D:4      | Paralysed by Ijyb for 2 turns
  1226 | D:4      | HP: 8/41 [Ijyb (8)]
  1228 | D:4      | Slain by Ijyb

Vanquished Creatures
  Jessica (D:2)
  A gnoll (D:4)
  2 adders (D:2)
  3 ball pythons (D:1)
  3 endoplasms
  2 giant cockroaches
  5 goblins
  2 hobgoblins
  4 jackals (D:1)
  A quokka (D:1)
  3 bats (D:1)
  4 frilled lizards
  3 kobolds
  4 rats
38 creatures vanquished.

Table legend:
 A = Non-vault XP
 B = Vault XP
 C = Vault XP percentage of total XP
 D = Non-vault monster count
 E = Vault monster count
 F = Vault count percentage of total count
                 A         B        C        D         E       F
            +---------+---------+-------+---------+---------+-------
      Total |      78 |      55 |  41.4 |      34 |       4 |  10.5
            +---------+---------+-------+---------+---------+-------
        D:1 |      37 |       0 |   0.0 |      23 |       0 |   0.0
        D:2 |      41 |      37 |  47.4 |      11 |       1 |   8.3
        D:4 |       0 |      18 | 100.0 |       0 |       3 | 100.0
            +---------+---------+-------+---------+---------+-------

Illustrated notes

Table legend:
 A = Kills in this place as a percentage of kills in entire the game.
 B = Kills by you in this place as a percentage of kills by you in the entire game.
 C = Kills by friends in this place as a percentage of kills by friends in the entire game.
 D = Other kills in this place as a percentage of other kills in the entire game.
 E = Experience gained in this place as a percentage of experience gained in the entire game.
 F = Experience gained in this place divided by the number of levels of this place that you have seen.
                   A       B       C       D       E      F
               +-------+-------+-------+-------+-------+----------------------
         Total | 100.0 | 100.0 |   N/A |   N/A | 100.0 |  44.3
       Dungeon | 100.0 | 100.0 |   N/A |   N/A | 100.0 |  44.3
               +-------+-------+-------+-------+-------+----------------------

Table legend: (Time is in decaauts)
 A = Elapsed time spent in this place.
 B = Non-inter-level travel time spent in this place.
 C = Inter-level travel time spent in this place.
 D = Time resting spent in this place.
 E = Time spent auto-exploring this place.
 F = Levels seen in this place.
 G = Mean time per level.
                   A        B        C        D        E       F      G
               +--------+--------+--------+--------+--------+-----+--------+
         Total |   1263 |   1263 |      0 |      0 |   1025 |   3 |  421.0 |
       Dungeon |   1263 |   1263 |      0 |      0 |   1025 |   3 |  421.0 |
               +--------+--------+--------+--------+--------+-----+--------+

Top non-repeatable levels by time:
     D:1: 734 daAuts
     D:2: 425 daAuts
     D:4: 103 daAuts
